| TOP OF THE 1ST |
|
Rice University Owls batting - Pitching for UCLA Bruins : RHP Jim Marshall
|
|
Pitching: RHP Jim Marshall
|
|
|
Batting: SHB Yu-hsui Lew
|
0-0: Called Strike 0-1: Foul Ball, location: 2F 0-2: SINGLE (Groundball, 4MD, EV 100.6 MPH)
|
|
Batting: LHB Eddie Lemus
|
0-0: Fly out, F9 (Flyball, 9, EV 83.8 MPH)
|
|
Batting: RHB Fred Saxton
|
0-0: Ball 1-0: Called Strike 1-1: Grounds into double play, 4-6-3 (Groundball, 34, EV 104.4 MPH)
|
| Top of the 1st over - 0 runs, 1 hit, 0 errors, 0 left on base; Rice University 0 - UCLA 0 |
| BOTTOM OF THE 1ST |
|
UCLA Bruins batting - Pitching for Rice University Owls : LHP Killian Wellman
|
|
Pitching: LHP Killian Wellman
|
|
|
Batting: RHB Benedikt Fleischmann
|
0-0: Called Strike 0-1: Foul Ball, location: 2F 0-2: Ball 1-2: SINGLE (Groundball, 56D, EV 111.9 MPH)
|
|
Batting: RHB Hidesuke Yoshida
|
0-0: Ball 1-0: Fly out, F2 (Popup, 23F, EV 95.6 MPH)
|
|
Batting: RHB Xavier Reeves
|
0-0: Foul Ball, location: 2F 0-1: Swinging Strike 0-2: Ball 1-2: Strikes out swinging
|
|
Batting: RHB Angel Melendez
|
0-0: Fielders Choice at 2nd, 6-4 (Groundball, 6, EV 103.8 MPH)
|
| Bottom of the 1st over - 0 runs, 1 hit, 0 errors, 1 left on base; Rice University 0 - UCLA 0 |
| TOP OF THE 2ND |
|
Rice University Owls batting - Pitching for UCLA Bruins : RHP Jim Marshall
|
|
Batting: RHB Adrian Quilantan
|
0-0: Ball 1-0: Foul Ball, location: 2F 1-1: Called Strike 1-2: Foul Ball, location: 2F 1-2: Ground out 1-3 (Groundball, 34S, EV 66.9 MPH)
|
|
Batting: SHB Joan Coucieiro
|
0-0: Foul Ball, location: 2F 0-1: Ball 1-1: Called Strike 1-2: Ball 2-2: Strikes out looking
|
|
Batting: LHB Randy Marquez
|
0-0: Swinging Strike 0-1: Ball 1-1: Called Strike 1-2: Ball 2-2: Strikes out swinging
|
| Top of the 2nd over - 0 runs, 0 hits, 0 errors, 0 left on base; Rice University 0 - UCLA 0 |
| BOTTOM OF THE 2ND |
|
UCLA Bruins batting - Pitching for Rice University Owls : LHP Killian Wellman
|
|
Batting: RHB Issac Konol
|
0-0: Ground out 6-3 (Groundball, 6, EV 90.6 MPH)
|
|
Batting: RHB Roman Lauder
|
0-0: Ball 1-0: Called Strike 1-1: SINGLE (Groundball, 6MD, EV 96.9 MPH)
|
|
Batting: RHB Juan Carrillo
|
0-0: Fly out, F9 (Flyball, 89S, EV 87.5 MPH)
|
|
Batting: RHB Carlos Murillo
|
0-0: Called Strike 0-1: Foul Ball, location: 2F 0-2: Ball 1-2: Strikes out swinging
|
| Bottom of the 2nd over - 0 runs, 1 hit, 0 errors, 1 left on base; Rice University 0 - UCLA 0 |
| TOP OF THE 3RD |
|
Rice University Owls batting - Pitching for UCLA Bruins : RHP Jim Marshall
|
|
Batting: RHB Russ Kennett
|
0-0: Ball 1-0: Ground out 6-3 (Groundball, 6, EV 84.4 MPH)
|
|
Batting: SHB Roderick Speed
|
0-0: Ball 1-0: Ground out 6-3 (Groundball, 6, EV 102.5 MPH)
|
|
Batting: RHB Yu-zeng Mai
|
0-0: Ball 1-0: Called Strike 1-1: Hit by Pitch
|
|
Batting: SHB Yu-hsui Lew
|
0-0: Ball Yu-zeng Mai steals 2nd base 1-0: Ground out 4-3 (Groundball, 4M, EV 97.5 MPH)
|
| Top of the 3rd over - 0 runs, 0 hits, 0 errors, 1 left on base; Rice University 0 - UCLA 0 |
| BOTTOM OF THE 3RD |
|
UCLA Bruins batting - Pitching for Rice University Owls : LHP Killian Wellman
|
|
Batting: LHB Bill Helmer
|
0-0: Bunt for hit to 3S - play at first, batter OUT! 3-4
|
|
Batting: RHB Benedikt Fleischmann
|
0-0: Ball 1-0: Ball 2-0: Called Strike 2-1: Swinging Strike 2-2: Strikes out swinging
|
|
Batting: RHB Hidesuke Yoshida
|
0-0: Foul Ball, location: 2F 0-1: Ball 1-1: Ball 2-1: Ball 3-1: Swinging Strike 3-2: Strikes out looking
|
| Bottom of the 3rd over - 0 runs, 0 hits, 0 errors, 0 left on base; Rice University 0 - UCLA 0 |
| TOP OF THE 4TH |
|
Rice University Owls batting - Pitching for UCLA Bruins : RHP Jim Marshall
|
|
Batting: LHB Eddie Lemus
|
0-0: Called Strike 0-1: Swinging Strike 0-2: Strikes out looking
|
|
Batting: RHB Fred Saxton
|
0-0: Fly out, F6 (Popup, 6D, EV 68.8 MPH)
|
|
Batting: RHB Adrian Quilantan
|
0-0: Foul Ball, location: 2F 0-1: Called Strike 0-2: Foul Ball, location: 2F 0-2: Ball 1-2: Foul Ball, location: 2F 1-2: Foul Ball, location: 2F 1-2: Ball 2-2: Ball 3-2: Strikes out looking
|
| Top of the 4th over - 0 runs, 0 hits, 0 errors, 0 left on base; Rice University 0 - UCLA 0 |
| BOTTOM OF THE 4TH |
|
UCLA Bruins batting - Pitching for Rice University Owls : LHP Killian Wellman
|
|
Batting: RHB Xavier Reeves
|
0-0: Foul Ball, location: 2F 0-1: Ball 1-1: SINGLE (Groundball, 6M, EV 93.1 MPH) (infield hit)
|
|
Batting: RHB Angel Melendez
|
0-0: Ball 1-0: Called Strike 1-1: Ball 2-1: Foul Ball, location: 2F 2-2: Fielders Choice at 2nd, 4-6 (Groundball, 4M, EV 83.8 MPH)
|
|
Batting: RHB Issac Konol
|
0-0: Ball 1-0: Ball 2-0: Ball 3-0: Called Strike 3-1: Base on Balls Angel Melendez to second
|
|
Batting: RHB Roman Lauder
|
0-0: Foul Ball, location: 2F 0-1: Ball 1-1: Foul Ball, location: 2F 1-2: Foul Ball, location: 2F 1-2: Grounds into double play, 3-6-3 (Groundball, 3, EV 85.0 MPH)
|
| Bottom of the 4th over - 0 runs, 1 hit, 0 errors, 1 left on base; Rice University 0 - UCLA 0 |
| TOP OF THE 5TH |
|
Rice University Owls batting - Pitching for UCLA Bruins : RHP Jim Marshall
|
|
Batting: SHB Joan Coucieiro
|
0-0: Ball 1-0: Ball 2-0: Ball 3-0: Swinging Strike 3-1: Foul Ball, location: 2F 3-2: Strikes out swinging
|
|
Batting: LHB Randy Marquez
|
0-0: Foul Ball, location: 2F 0-1: Ball 1-1: Foul Ball, location: 2F 1-2: Foul Ball, location: 2F 1-2: Strikes out looking
|
|
Batting: RHB Russ Kennett
|
0-0: Foul Ball, location: 2F 0-1: DOUBLE (Flyball, 7LD, EV 101.2 MPH)
|
|
Batting: SHB Roderick Speed
|
0-0: Called Strike 0-1: Called Strike 0-2: Ball 1-2: Ball 2-2: Foul Ball, location: 2F 2-2: Foul Ball, location: 2F 2-2: Strikes out swinging
|
| Top of the 5th over - 0 runs, 1 hit, 0 errors, 1 left on base; Rice University 0 - UCLA 0 |
| BOTTOM OF THE 5TH |
|
UCLA Bruins batting - Pitching for Rice University Owls : LHP Killian Wellman
|
|
Batting: RHB Juan Carrillo
|
0-0: Ground out 4-3 (Groundball, 4M, EV 88.1 MPH)
|
|
Batting: RHB Carlos Murillo
|
0-0: Ball 1-0: Ball 2-0: Ball 3-0: Base on Balls
|
|
Batting: LHB Bill Helmer
|
0-0: Grounds out, U3 (Groundball, 3L, EV 104.4 MPH)
|
|
Batting: RHB Benedikt Fleischmann
|
0-0: Ball 1-0: Ball 2-0: Ball 3-0: Called Strike 3-1: Swinging Strike 3-2: Foul Ball, location: 2F 3-2: Strikes out looking
|
| Bottom of the 5th over - 0 runs, 0 hits, 0 errors, 1 left on base; Rice University 0 - UCLA 0 |
| TOP OF THE 6TH |
|
Rice University Owls batting - Pitching for UCLA Bruins : RHP Jim Marshall
|
|
Batting: RHB Yu-zeng Mai
|
0-0: SOLO HOME RUN (Line Drive, 78XD, EV 108.1 MPH), Distance : 434 ft
|
|
Batting: SHB Yu-hsui Lew
|
0-0: Called Strike 0-1: Ball 1-1: Ball 2-1: Ball 3-1: Base on Balls
|
|
Batting: LHB Eddie Lemus
|
0-0: Ball 1-0: Sac Bunt to 5S - play at first, batter OUT! 5-3 Yu-hsui Lew to second
|
|
Batting: RHB Fred Saxton
|
0-0: Called Strike 0-1: Ball 1-1: Ball 2-1: Ball 3-1: Base on Balls
|
|
Pitching: RHP Luis de Jesus
|
|
|
Batting: RHB Adrian Quilantan
|
0-0: Foul Ball, location: 2F 0-1: Swinging Strike 0-2: Strikes out swinging
|
|
Batting: SHB Joan Coucieiro
|
0-0: Swinging Strike 0-1: Foul Ball, location: 2F 0-2: Ball 1-2: Ball 2-2: Strikes out looking
|
| Top of the 6th over - 1 run, 1 hit, 0 errors, 2 left on base; Rice University 1 - UCLA 0 |
| BOTTOM OF THE 6TH |
|
UCLA Bruins batting - Pitching for Rice University Owls : LHP Killian Wellman
|
|
Batting: RHB Hidesuke Yoshida
|
0-0: SINGLE (Line Drive, 78S, EV 106.2 MPH)
|
|
Batting: RHB Xavier Reeves
|
0-0: Foul Ball, location: 2F 0-1: Called Strike 0-2: Ball 1-2: Strikes out looking
|
|
Batting: RHB Angel Melendez
|
0-0: Swinging Strike 0-1: Fly out, F9 (Line Drive, 89M, EV 92.5 MPH)
|
|
Batting: RHB Issac Konol
|
0-0: Ground out 6-3 (Groundball, 6S, EV 73.8 MPH)
|
| Bottom of the 6th over - 0 runs, 1 hit, 0 errors, 1 left on base; Rice University 1 - UCLA 0 |
| TOP OF THE 7TH |
|
Rice University Owls batting - Pitching for UCLA Bruins : RHP Luis de Jesus
|
|
Batting: LHB Randy Marquez
|
0-0: Swinging Strike 0-1: Swinging Strike 0-2: DOUBLE (Flyball, 78XD, EV 93.1 MPH)
|
|
Batting: RHB Russ Kennett
|
0-0: Intentional Walk
|
|
Batting: SHB Roderick Speed
|
0-0: SINGLE (Line Drive, 78S, EV 92.5 MPH) Randy Marquez to third Russ Kennett to second Runner from 3rd tries for Home, SAFE, throw by LF to home
|
|
Batting: RHB Yu-zeng Mai
|
0-0: Sac Bunt to 15 - play at first, batter safe! Russ Kennett to third Roderick Speed to second
|
|
Batting: SHB Yu-hsui Lew
|
0-0: Called Strike 0-1: SINGLE (Line Drive, 6M, EV 98.8 MPH) Russ Kennett scores Roderick Speed to third Yu-zeng Mai to second
|
|
Batting: LHB Eddie Lemus
|
0-0: Fly out, F9 (Flyball, 9S, EV 79.4 MPH)
|
|
Batting: RHB Fred Saxton
|
0-0: Foul Ball, location: 2F 0-1: Swinging Strike 0-2: Ball 1-2: Strikes out looking and he ARGUES THE CALL AND IS TOSSED!
|
|
Batting: RHB Adrian Quilantan
|
0-0: Fielders Choice at 2nd, 6-4 (Groundball, 6, EV 105.6 MPH)
|
| Top of the 7th over - 2 runs, 4 hits, 0 errors, 3 left on base; Rice University 3 - UCLA 0 |
| BOTTOM OF THE 7TH |
|
UCLA Bruins batting - Pitching for Rice University Owls : LHP Killian Wellman
|
|
Now at 2B: Eric Russell
|
|
|
Batting: RHB Roman Lauder
|
0-0: Ball 1-0: Ball 2-0: Ground out 5-3 (Groundball, 56, EV 86.9 MPH)
|
|
Batting: RHB Juan Carrillo
|
0-0: Fly out, F7 (Flyball, 78S, EV 81.9 MPH)
|
|
Batting: RHB Carlos Murillo
|
0-0: Fly out, F6 (Line Drive, 56D, EV 63.8 MPH)
|
| Bottom of the 7th over - 0 runs, 0 hits, 0 errors, 0 left on base; Rice University 3 - UCLA 0 |
| TOP OF THE 8TH |
|
Rice University Owls batting - Pitching for UCLA Bruins : RHP Luis de Jesus
|
|
Pitching: RHP Quincy Bowen
|
|
|
Batting: SHB Joan Coucieiro
|
0-0: Called Strike 0-1: Foul Ball, location: 2F 0-2: Ball 1-2: Fly out, F9 (Flyball, 9, EV 91.2 MPH)
|
|
Batting: LHB Randy Marquez
|
0-0: Ball 1-0: Foul Ball, location: 2F 1-1: Called Strike 1-2: Foul Ball, location: 2F 1-2: Ball 2-2: Ground out 3-1 (Groundball, 34, EV 85.0 MPH)
|
|
Batting: RHB Russ Kennett
|
0-0: SINGLE (Line Drive, 78M, EV 102.5 MPH)
|
|
Batting: SHB Roderick Speed
|
0-0: Ball Russ Kennett steals 2nd base 1-0: Ball 2-0: Fly out, F3 (Popup, 3, EV 56.9 MPH)
|
| Top of the 8th over - 0 runs, 1 hit, 0 errors, 1 left on base; Rice University 3 - UCLA 0 |
| BOTTOM OF THE 8TH |
|
UCLA Bruins batting - Pitching for Rice University Owls : LHP Killian Wellman
|
|
Batting: LHB Bill Helmer
|
0-0: Called Strike 0-1: Ball 1-1: Ball 2-1: Swinging Strike 2-2: Ball 3-2: Strikes out looking
|
|
Batting: RHB Benedikt Fleischmann
|
0-0: Ball 1-0: Foul Ball, location: 2F 1-1: Foul Ball, location: 2F 1-2: Ball 2-2: Strikes out looking
|
|
Batting: RHB Hidesuke Yoshida
|
0-0: Foul Ball, location: 2F 0-1: Swinging Strike 0-2: Fly out, F7 (Line Drive, 7S, EV 112.5 MPH)
|
| Bottom of the 8th over - 0 runs, 0 hits, 0 errors, 0 left on base; Rice University 3 - UCLA 0 |
| TOP OF THE 9TH |
|
Rice University Owls batting - Pitching for UCLA Bruins : RHP Quincy Bowen
|
|
Pitching: RHP Jan Marvel
|
|
|
Batting: RHB Yu-zeng Mai
|
0-0: Ball 1-0: Ground out 5-3 (Groundball, 56S, EV 66.9 MPH)
|
|
Batting: SHB Yu-hsui Lew
|
0-0: Ball 1-0: Ground out 3-1 (Groundball, 34, EV 89.4 MPH)
|
|
Batting: LHB Eddie Lemus
|
0-0: Called Strike 0-1: Ball 1-1: Ball 2-1: Called Strike 2-2: Foul Ball, location: 2F 2-2: Strikes out swinging
|
| Top of the 9th over - 0 runs, 0 hits, 0 errors, 0 left on base; Rice University 3 - UCLA 0 |
| BOTTOM OF THE 9TH |
|
UCLA Bruins batting - Pitching for Rice University Owls : LHP Killian Wellman
|
|
Batting: RHB Xavier Reeves
|
0-0: Ball 1-0: Foul Ball, location: 2F 1-1: Ball 2-1: Foul Ball, location: 2F 2-2: Foul Ball, location: 2F 2-2: Ball 3-2: Foul Ball, location: 2F 3-2: Base on Balls
|
|
Batting: RHB Michael Alvarado
|
0-0: Foul Ball, location: 2F 0-1: Swinging Strike 0-2: Ball 1-2: Ball 2-2: Strikes out swinging
|
|
Batting: RHB Issac Konol
|
0-0: Ball 1-0: Foul Ball, location: 2F 1-1: Ball 2-1: Ball 3-1: Called Strike 3-2: Fly out, F8 (Flyball, 8LD, EV 100.0 MPH)
|
|
Batting: RHB Roman Lauder
|
0-0: SINGLE (Groundball, 56D, EV 94.4 MPH) Xavier Reeves to second
|
|
Pinch Hitting: LHB Scott Mullett
|
0-0: Called Strike 0-1: Called Strike 0-2: Strikes out swinging
|
| Bottom of the 9th over - 0 runs, 1 hit, 0 errors, 2 left on base; Rice University 3 - UCLA 0 |
|